 Dungeon Crawl Stone Soup version 0.28.0 (webtiles) character file.

Game seed: 14997088254144653949

7960 Discosetron the Thaumaturge (level 11, -2/81 HPs)
             Began as a Djinni Fire Elementalist on Feb 16, 2022.
             Was a Follower of Ashenzari.
             Slain by an orc warrior (25 damage)
             ... on level 10 of the Dungeon.
             The game lasted 00:17:58 (17018 turns).

Discosetron the Thaumaturge (DjFE)                 Turns: 17018, Time: 00:17:59

Health: -2/81      AC:  5    Str: 13    XL:     11   Next: 46%
Gold:   1073       EV: 13    Int: 25    God:    Ashenzari [*.....] SH:  5 Dex: 16

rFire   + + +      SeeInvis .   (no weapon)
rCold   . . .      Faith    .   (no shield)
rNeg    . . .      Spirit   .   k - +0 leather armour "Edwukloy" {Int+3 Dex+3 Slay+4}
rPois   ∞          Reflect  +   G - +1 helmet
rElec   .          Harm     .   o - scarf {rC+ rF+}
rCorr   .          Rampage  .   (no gloves)
Will    +....                   (boots unavailable)
Stlth   ++........              E - amulet of the Shattered Omen {Reflect SH+5, Self, Evo} (curse)
HPRegen 0.23/turn               z - ring "Chained Sybil" {Str+6, Self, Range} (curse)
MPRegen 0.00/turn               (no ring)

@: flying
A: sickness immunity, fire resistance 2, cold vulnerability 1, float, innate
caster, HP casting, extra vitality 1
a: Renounce Religion, Shatter the Chains


You were on level 10 of the Dungeon.
You worshipped Ashenzari.
Ashenzari was aware of your devotion.
You visited 2 branches of the dungeon, and saw 11 of its levels.
You also visited: Ossuary.

You collected 1073 gold pieces.

Inventory:

Missiles
 A - 4 throwing nets
Armour
 a - a +0 robe
 d - a +0 robe of positive energy
 k - the +0 leather armour "Edwukloy" (worn) {Int+3 Dex+3 Slay+4}
   (You found it on level 2 of the Dungeon)

   Int:       It affects your intelligence (+3).
   Dex:       It affects your dexterity (+3).
   Slay:      It affects your accuracy & damage with ranged weapons and melee
   (+4).
 o - a scarf of resistance (worn)
 p - a +0 helmet
 G - a +1 helmet (worn)
Jewellery
 z - the cursed ring "Chained Sybil" (left hand) {Str+6, Self, Range}
   (You found it on level 6 of the Dungeon)

   [ring of strength]

   Str:       It affects your strength (+6).
   It has a curse which improves the following skills: Introspection: Fighting
   and Spellcasting.
   Ranged Combat: Slings, Bows, Crossbows and Throwing.
 E - the cursed amulet of the Shattered Omen (around neck) {Reflect SH+5, Self, Evo}
   (You found it on level 8 of the Dungeon)

   [amulet of reflection]

   It reflects blocked missile attacks.
   SH:        It affects your SH (+5).
   It has a curse which improves the following skills: Introspection: Fighting
   and Spellcasting.
   Evocations: Evocations.
Wands
 y - a wand of iceblast (3)
Scrolls
 i - 4 scrolls of torment
 m - 7 scrolls of teleportation
 t - a scroll of magic mapping
 v - a scroll of immolation
 w - 3 scrolls of blinking
 x - a scroll of fear
 B - a scroll of fog
 C - a scroll of brand weapon
 F - 2 scrolls of enchant armour
 I - a scroll of silence
Potions
 f - 6 potions of brilliance
 g - a potion of haste
 l - 4 potions of mutation
 n - 4 potions of invisibility
 r - 6 potions of curing
 s - 4 potions of heal wounds
 u - 3 potions of ambrosia


   Skills:
 * Level 6.8(8.2) Fighting
 + Level 4.2 Armour
 + Level 3.4 Dodging
 - Level 1.5 Stealth
 + Level 11.6(12.9) Spellcasting


You had 7 spell levels left.
You knew the following spells:

 Your Spells              Type           Power      Damage    Failure   Level
a - Conjure Flame         Conj/Fire      69%        6-21      1%          3
b - Scorch                Fire           100%       2d10      1%          2
c - Foxfire               Conj/Fire      100%       2x1d9     1%          1
d - Inner Flame           Hex/Fire       69%        N/A       1%          3
e - Flame Wave            Conj/Fire      69%        2d13      1%          4
f - Animate Skeleton      Necr           100%       N/A       1%          1
g - Ensorcelled Hibernat  Hex/Ice        100%       N/A       1%          2
h - Teleport Other        Tloc           69%        N/A       1%          3
i - Passage of Golubria   Tloc           69%        N/A       1%          4
j - Manifold Assault      Tloc           69%        N/A       1%          5
Your spell library was empty.

Dungeon Overview and Level Annotations

Branches:
Dungeon (10/15)            Temple (0/1) D:7            Lair (0/6) D:10
    Orc (1/2) D:10        Ossuary (visited)

Altars:
Ashenzari
Dithmenos
Elyvilon
Fedhas
Hepliaklqana
Nemelex Xobeh
Ru
Sif Muna
Uskayaw
Vehumet
Wu Jian
Xom
The Shining One

Shops:
D:1 :

Annotations:
D:6 2 transporters, bl3nd3r's ghost, novice MfGl


Innate Abilities, Weirdness & Mutations

You are immune to sickness and miasma.
You are immune to poison.
Your flesh is very heat resistant. (rF++)
You are vulnerable to cold. (rC-)
You float through the air rather than walking.
You learn spells naturally, not from books.
Your magical power is your life essence.
You have superior vitality. (+4 MHP)


Message History

You kill the orc!
The flame wave engulfs the orc warrior!
The orc warrior is heavily wounded.
The flame wave engulfs the orc wizard!
The orc wizard is heavily wounded.
The orc priest hits you with a +0 flail.
The orc warrior hits you with a +0 short sword.
The orc priest calls upon Beogh to heal the orc warrior.
The orc warrior is healed somewhat.
The orc warrior throws a boomerang.
The boomerang misses you. The orc warrior barely misses you.
The orc priest miscasts a cantrip.
The orc warrior hits you with a +0 short sword.
You block the orc warrior's attack.
The orc priest begins to cast a cantrip, but forgets the words!
The orc warrior barely misses you. x2
You fly upwards.
Welcome back to the Dungeon!
There is a staircase to the Orcish Mines here.
Okay, then.
Casting: Flame Wave (safe; 1% risk of failure)
Confirm with . or Enter, or press ? or * to list all spells.
Casting: Flame Wave (safe; 1% risk of failure)
Press: ? - help, Dir - look around, f - activate A wave of flame ripples out!
The flame wave engulfs the orc priest!!
You kill the orc priest!
The flame wave engulfs the orc warrior.
The orc warrior is severely wounded.
The flame wave engulfs the orc warrior but does no damage.
The orc warrior is moderately wounded.
The flame wave engulfs the orc warrior!!
You kill the orc warrior! (Press . to intensify the flame waves.)
* * * LOW HITPOINT WARNING * * *
The orc warrior completely misses you. You block the orc warrior's attack.
A wave of flame ripples out!
The flame wave engulfs the orc warrior!
You kill the orc warrior!
The flame wave engulfs the orc warrior but does no damage.
The orc warrior is moderately wounded.
* * * LOW HITPOINT WARNING * * *
The orc warrior hits you with a +0 battleaxe!!
You die...

.........#.#....##........#######
.........#.#....##........# #
...##......#....##........#######
...###..(###.....#...............
..........####.....####.......≈..
..#####...#.....8.....#.......≈..
..#####..[#...........#..........
.........[.(...).o...............
.......(..[8....@....8..##...###.
.........#..[..)[)......##...# #.
##.......##...........#.##...# #.
#.......##.....8.....#.##...# #.
##.##########.....####.###### ##
#.# #.##.### #.# #.# #....# #.#
#.# #.#### #.# #.# #:#########.#


You could see an orc warrior.

Vanquished Creatures
  3 two-headed ogres
  A komodo dragon (D:10)
  Prince Ribbit (D:6)
  4 yaks (D:9)
  The ghost of PhoneixS the Insei, an amateur HuTm (D:4)
  A warg (Orc:1)
  An acid dragon (D:10)
  A water moccasin (D:6)
  6 orc warriors
  2 ice beasts
  A sky beast (D:7)
  4 ogres
  A necrophage (D:7)
  6 centaurs
  2 kobold brigands
  3 bullfrogs
  2 gnoll sergeants
  A wyvern zombie (D:8)
  2 scorpions (D:5)
  A water moccasin zombie (D:5)
  2 water moccasin skeletons
  10 killer bees (D:9)
  13 wights
  4 howler monkeys
  2 bullfrog zombies
  3 orc priests
  2 hounds
  2 human zombies (D:4)
  A centaur skeleton (D:6)
  Jessica (D:3)
  A human skeleton (D:4)
  An iguana (D:5)
  12 orc wizards
  A hound zombie (D:5)
  8 mummies (Ossuary)
  A howler monkey zombie (D:9)
  17 gnolls
  A howler monkey skeleton (D:5)
  6 adders
  A white imp (D:5)
  2 ufetubi
  An adder skeleton (D:4)
  2 dart slugs (D:1)
  36 orcs
  9 ball pythons
  7 bats
  An endoplasm (D:4)
  6 giant cockroaches
  4 gnoll zombies (Ossuary)
  7 goblins
  4 hobgoblins
  4 jackals (D:1)
  24 kobolds
  6 quokkas
  A frilled lizard (D:3)
  A hobgoblin zombie (Ossuary)
  2 orc skeletons (D:4)
  4 orc zombies
  6 rats
260 creatures vanquished.

Vanquished Creatures (others)
  1182 foxfires
  8 plants (D:10)
1190 creatures vanquished.

Grand Total: 1450 creatures vanquished

Notes
Turn   | Place    | Note
-------+----------+-------------------------------------------
     0 | D:1      | Discosetron the Djinni Fire Elementalist began the quest
                  | for the Orb.
     0 | D:1      | Reached XP level 1. HP: 15/15 MP: 0/0
   247 | D:1      | Reached XP level 2. HP: 17/21 MP: 0/0
   426 | D:1      | Reached skill level 3 in Spellcasting
  1020 | D:1      | Reached XP level 3. HP: 21/25 MP: 0/0
  1020 | D:1      | Learned a level 1 spell: Animate Skeleton
  1932 | D:1      | Found Qiugodde's Book Shoppe.
  2612 | D:2      | Found a faded altar of an unknown god.
  2827 | D:2      | Reached XP level 4. HP: 19/31 MP: 0/0
  2832 | D:2      | Reached skill level 4 in Spellcasting
  3652 | D:2      | Identified the +0 leather armour "Edwukloy" {Int+3 Dex+3
                  | Slay+4}
  3708 | D:3      | Reached XP level 5. HP: 32/35 MP: 0/0
  3708 | D:3      | Learned a level 2 spell: Ensorcelled Hibernation
  4169 | D:3      | Noticed Jessica
  4175 | D:3      | Killed Jessica
  5171 | D:3      | Reached XP level 6. HP: 38/40 MP: 0/0
  5575 | D:4      | Reached skill level 5 in Spellcasting
  5583 | D:4      | Found a sand-covered staircase.
  5668 | Ossuary  | Entered an ossuary
  6327 | D:4      | Reached XP level 7. HP: 30/45 MP: 0/0
  6327 | D:4      | Learned a level 3 spell: Teleport Other
  6617 | D:4      | Found a sparkling altar of Nemelex Xobeh.
  6721 | D:4      | Noticed PhoneixS's ghost (amateur HuTm)
  6780 | D:4      | Found a runed translucent door.
  7152 | D:4      | Reached skill level 6 in Spellcasting
  7976 | D:4      | Killed PhoneixS's ghost
  7977 | D:4      | Reached XP level 8. HP: 27/50 MP: 0/0
  8151 | D:5      | Entered Level 5 of the Dungeon
  8157 | D:5      | Reached skill level 7 in Spellcasting
  8512 | D:5      | Reached skill level 1 in Fighting
  8925 | D:5      | Reached skill level 8 in Spellcasting
  8992 | D:5      | Reached XP level 9. HP: 50/59 MP: 0/0
  8992 | D:5      | Learned a level 4 spell: Passage of Golubria
  9023 | D:5      | Reached skill level 1 in Armour
  9650 | D:5      | Found a broken altar of Ashenzari.
  9669 | D:5      | Became a worshipper of Ashenzari the Shackled
 10053 | D:6      | Noticed Prince Ribbit
 10059 | D:6      | Killed Prince Ribbit
 10414 | D:6      | Reached skill level 9 in Spellcasting
 11119 | D:6      | Found a transporter.
 11119 | D:6      | Found a transporter.
 11137 | D:6      | Noticed bl3nd3r's ghost (novice MfGl)
 11144 | D:6      | Noticed a queen bee
 11477 | D:7      | Found a staircase to the Ecumenical Temple.
 11549 | D:7      | Reached XP level 10. HP: 64/69 MP: 0/0
 11691 | D:7      | Found an ornate altar of the Wu Jian Council.
 11691 | D:7      | Found a sacrificial altar of Ru.
 11698 | D:7      | Found a blossoming altar of Fedhas.
 11698 | D:7      | Found a glowing golden altar of the Shining One.
 11883 | D:8      | HP: 1/69 [wyvern zombie (12)]
 12283 | D:8      | Found a hazy altar of Hepliaklqana.
 12308 | D:8      | Found a hide-covered altar of Uskayaw.
 12670 | D:8      | Reached skill level 5 in Fighting
 12773 | D:8      | Reached skill level 10 in Spellcasting
 13061 | D:8      | Found a white marble altar of Elyvilon.
 13727 | D:9      | Found a shimmering altar of Xom.
 13808 | D:9      | Noticed a two-headed ogre
 13869 | D:9      | Killed a two-headed ogre
 14388 | D:9      | Reached XP level 11. HP: 69/78 MP: 0/0
 14388 | D:9      | Learned a level 5 spell: Manifold Assault
 14899 | D:9      | Reached skill level 11 in Spellcasting
 15444 | D:10     | Entered Level 10 of the Dungeon
 15444 | D:10     | Noticed a two-headed ogre
 15482 | D:10     | Killed a two-headed ogre
 15633 | D:10     | Noticed a two-headed ogre
 15641 | D:10     | Killed a two-headed ogre
 15910 | D:10     | Found a staircase to the Lair.
 16167 | D:10     | Reached * piety under Ashenzari
 16294 | D:10     | Found a staircase to the Orcish Mines.
 16579 | D:10     | Found a shadowy altar of Dithmenos.
 16692 | Orc:1    | Entered Level 1 of the Orcish Mines
 17018 | D:10     | Slain by an orc warrior

Illustrated notes

Levels and vault maps discovered:
D:1:      erik_arrival_triangle_small, layout_basic, serial_shops, shop,
          nrook_loot_triangle
D:2:      layout_loops_ring, shapermc_ecumenical_altar_gd, minmay_pentomino_o4
D:3:      layout_basic, uniq_jessica
D:4:      layout_basic, nemelex_spade_bored_becter,
          nicolae_ossuary_entry_catacombs, hellmonk_ghost_happy_afterlife,
          guppyfry_early_orc_mine
D:5:      layout_loops_ring, lemuel_tele_altar
D:6:      layout_basic, gammafunk_ghost_hive, minivault_1, uniq_prince_ribbit1
D:7:      layout_gridville, minmay_overflow_temple_hex,
          minmay_temple_entry_junction, hangedman_decor_riveting
D:8:      layout_loops_ring, mainiacjoe_overflow_boulevard,
          amcnicky_altar_gilded, mainiacjoe_overflow_concentric_impassable,
          kennysheep_another_room, st_stairs_8
D:9:      layout_layer_cave, kennysheep_mini_moat, eino_tiny_chamber
D:10:     layout_basic, mainiacjoe_overflow_alcove_2, david_lair_shrubbed,
          david_orc_2
Orc:1:    layout_caves, uniq_snorg

Skill      XL: |  1  2  3  4  5  6  7  8  9 10 11 |
---------------+----------------------------------+-----
Spellcasting   | 3 4 5 6 8 9 10 11 | 11.6
Fighting       | 2 4 6 |  6.8
Armour         | 2 3 4 |  4.2
Dodging        | 3 |  3.4
Stealth        | |  1.5

Action                   |  1- 3 |  4- 6 |  7- 9 | 10-12 || total
-------------------------+-------+-------+-------+-------++-------
Melee: Unarmed           |       |     1 |       |       ||     1
 Cast: Foxfire           |   137 |   184 |   217 |   174 ||   712
       Scorch            |       |    19 |    43 |    32 ||    94
       Flame Wave        |       |       |    10 |    17 ||    27
       Teleport Other    |       |       |     1 |     2 ||     3
Invok: Curse Item        |       |       |       |     2 ||     2
  Use: Scroll            |       |     4 |       |       ||     4
Armor: Robe              |     3 |     1 |       |       ||     4
       Leather armour    |       |     2 |     5 |     7 ||    14
Dodge: Dodged            |     3 |     7 |    27 |    45 ||    82
Block: Other             |       |       |       |    13 ||    13
       Reflection        |       |       |       |     2 ||     2
